 Dungeon Crawl Stone Soup version 0.28-a0-178-ga708605c5b (webtiles) character file.

Game seed: 9143731584287319092

55 Jamsdnucbuo the Scratcher (level 3, 0/15 HPs)
             Began as a Felid Transmuter on Aug 17, 2021.
             Slain by a kobold (4 damage)
             ... on level 2 of the Dungeon.
             The game lasted 00:02:48 (1923 turns).

Jamsdnucbuo the Scratcher (Felid Transmuter)        Turns: 1923, Time: 00:02:49

Health: 0/15       AC:  1    Str:  6    XL:     3   Next: 67%
Magic:  6/8        EV: 17    Int: 15    God:
Gold:   34         SH:  0    Dex: 16    Spells: 4/7 levels left
                                        Lives:  0   Deaths: 0

rFire   . . .      SeeInvis +     - Unarmed
rCold   . . .      Faith    .   (shield unavailable)
rNeg    . . .      Spirit   .   (armour unavailable)
rPois   .          Reflect  .   (helmet unavailable)
rElec   .          Harm     .   (cloak unavailable)
rCorr   .          Rampage  .   (gloves unavailable)
Will    .....                   (boots unavailable)
Stlth   ++........              (no amulet)
HPRegen 0.05/turn               (no ring)
MPRegen 0.11/turn               (no ring)

@: very slightly contaminated, quick
A: very small, claws 1, fangs 3, see invisible, speed 1, shaggy fur 1, stealthy
paws, no weapons or thrown items, no armour, multi-lived
a: no special abilities


You were on level 2 of the Dungeon.
You visited 1 branch of the dungeon, and saw 2 of its levels.

You collected 34 gold pieces.

Inventory:

Wands
 d - a wand of iceblast (6)
Scrolls
 a - a scroll of enchant armour {unknown}
Potions
 b - a potion of degeneration {unknown}
 c - 2 potions of magic {unknown}


   Skills:
 + Level 1.0 Fighting
 + Level 3.0 Dodging
 + Level 0.4 Stealth
 + Level 3.6 Unarmed Combat
 + Level 2.7 Spellcasting
 + Level 2.9 Transmutations


You had 4 spell levels left.
You knew the following spells:

 Your Spells              Type           Power      Damage    Failure   Level
a - Beastly Appendage     Tmut           20%        N/A       6%          1
b - Wereblood             Tmut           10%        N/A       10%         2

Your spell library contained the following spells:

 Spells                   Type           Power      Damage    Failure   Level
 Spider Form              Tmut/Pois      3%         N/A       34%         3
 Ice Form                 Ice/Tmut       6%         N/A       75%         4


Dungeon Overview and Level Annotations

Branches:
Dungeon (2/15)

Altars:
Zin


Innate Abilities, Weirdness & Mutations

You have sharp claws.
You have razor-sharp teeth.
You have supernaturally acute eyesight. (SInv)
You cover ground quickly. (Speed+)
You are covered in fur. (AC +1)
Your paws help you pounce on unaware monsters.
You are incapable of wielding weapons or throwing items.
You cannot wear armour.
You gain extra lives every three experience levels.


Message History

Your headbutt misses the frilled lizard.
The frilled lizard bites you. The rat misses you.
A bat comes into view.
You completely miss the frilled lizard. The frilled lizard closely misses you.
The rat misses you.
You scratch the frilled lizard.
You kill the frilled lizard!
The rat bites you.
You scratch the endoplasm.
You kill the endoplasm!
The rat closely misses you. The hobgoblin closely misses you.
You scratch the hobgoblin. Your bite misses the hobgoblin.
The hobgoblin is heavily wounded.
The rat misses you. The hobgoblin hits you.
Casting: Beastly Appendage (safe; 6% risk of failure)
Confirm with . or Enter, or press ? or * to list all spells.
You miscast Beastly Appendage.
You are very lightly contaminated with residual magic.
Nothing appears to happen.
The rat bites you. The kobold barely misses you. The hobgoblin misses you.
You scratch the hobgoblin.
You kill the hobgoblin!
The rat closely misses you.
The kobold hits you with a +0 short sword.
You are too injured to fight recklessly!
You are too injured to fight recklessly!
You are too injured to fight recklessly!
You closely miss the adder. The rat bites you.
The adder bites you but does no damage. The kobold closely misses you.
You scratch the adder but do no damage. Your bite misses the adder.
The ball python completely misses you. The ball python barely misses you.
The adder bites you.
* * * LOW HITPOINT WARNING * * *
The rat closely misses you. The kobold barely misses you.
You closely miss the adder. Your headbutt misses the adder.
Your horns disappear.
The adder misses you. The ball python misses you.
The ball python completely misses you. The rat bites you but does no damage.
The kobold hits you with a +0 short sword.
You die...

#..#...# ..
##..#...####.#
J............
##............
........... #.#.....
#####..KSr# ##.##
#.......@S# #...#
#.####..### #...#
#.####..### #(..#
#.##......#
##...####.##.....#.#
..........##.#..##
.# .............†.##
.........###.#..#
.#...#.### #.....#


You could see an adder, a ball python, a kobold and a rat.

Vanquished Creatures
  2 adders (D:2)
  3 dart slugs
  2 ball pythons (D:1)
  4 endoplasms
  3 giant cockroaches
  3 goblins
  5 hobgoblins
  2 jackals (D:2)
  A bat (D:1)
  2 frilled lizards
  2 rats (D:1)
29 creatures vanquished.

Vanquished Creatures (others)
  4 toadstools (D:1)
4 creatures vanquished.

Grand Total: 33 creatures vanquished

Notes
Turn   | Place    | Note
-------+----------+-------------------------------------------
     0 | D:1      | Jamsdnucbuo the Felid Transmuter began the quest for the
                  | Orb.
     0 | D:1      | Reached XP level 1. HP: 9/9 MP: 4/4
   100 | D:1      | Found a faded altar of an unknown god.
   279 | D:1      | Reached XP level 2. HP: 5/12 MP: 4/6
  1254 | D:1      | Learned a level 2 spell: Wereblood
  1360 | D:2      | Reached XP level 3. HP: 4/15 MP: 5/7
  1791 | D:2      | Found a glowing silver altar of Zin.
  1923 | D:2      | Slain by a kobold

Illustrated notes

Levels and vault maps discovered:
D:1:      ldierk_water_garden, layout_loops_ring,
          hellmonk_ecumenical_altar_crossroads
D:2:      layout_loops_cross, basic_altar, nrook_mini_backslash,
          minmay_tromino_v4_a

Skill      XL: |  1 |
---------------+----+-----
Dodging        | 3 |  3.0
Fighting       | |  1.0
Stealth        | |  0.4
Unarmed Combat | |  3.6
Spellcasting   | |  2.7
Transmutations | |  2.9

Action                   || total
-------------------------++-------
Melee: Unarmed           ||    71
       Bite              ||     8
       Headbutt          ||     7
 Cast: Beastly Appendage ||    18
 Stab: Sleeping          ||     4
Armor: Skin              ||     4
Dodge: Dodged            ||    62

Table legend: (Time is in decaauts)
 A = Elapsed time spent in this place.
 B = Non-inter-level travel time spent in this place.
 C = Inter-level travel time spent in this place.
 D = Time resting spent in this place.
 E = Time spent auto-exploring this place.
 F = Levels seen in this place.
 G = Mean time per level.
                   A        B        C        D        E       F      G
               +--------+--------+--------+--------+--------+-----+--------+
         Total |   1738 |   1710 |     28 |      0 |   1530 |   2 |  869.0 |
       Dungeon |   1738 |   1710 |     28 |      0 |   1530 |   2 |  869.0 |
               +--------+--------+--------+--------+--------+-----+--------+

Top non-repeatable levels by time:
     D:1: 1157 daAuts
     D:2: 580 daAuts
